[Event "ICC tourney 2544 (75 10)"]
[Site "Internet Chess Club"]
[Date "2021.05.01"]
[Round "1"]
[White "HELLER, JACK G:Maximusiv"]
[Black "MISHRA, KRITARTH:AlphaLegend24"]
[Result "0-1"]
[ICCResult "White checkmated"]
[WhiteElo "1008"]
[BlackElo "1320"]
[Opening "Sicilian: Smith-Morra gambit"]
[ECO "B21"]
[NIC "SI.48"]
[Time "11:05:07"]
[PlyCount "62"]
[TimeControl "4500+10"]

1. e4 c5 2. d4 cxd4 3. c3 dxc3 4. Nxc3 Nc6 5. Nf3 d6 6. Bc4 e6 7. O-O Nf6
8. Qe2 Be7 9. Rd1 e5 10. Bb5 a6 11. Bxc6+ bxc6 12. Nxe5 Qc7 13. Nf3 Bg4 14.
Bf4 Nh5 15. Bg3 Nxg3 16. hxg3 Bxf3 17. Qxf3 Bf6 18. Rac1 Bxc3 19. Qxc3 O-O
20. Qxc6 Qxc6 21. Rxc6 Rfb8 22. b3 h5 23. Rdxd6 a5 24. Ra6 Rc8 25. Rac6
Rxc6 26. Rxc6 a4 27. Rc4 axb3 28. axb3 Ra1+ 29. Kh2 Rb1 30. Rc3 Kh7 31. Kh3
Rh1# { White checkmated } 0-1

[Event "ICC tourney 2544 (75 10)"]
[Site "Internet Chess Club"]
[Date "2021.05.01"]
[Round "1"]
[White "GANAPATHY, AISHWARYA LAKSHMI:alg142"]
[Black "YAMASAKI, DAWSON YOSHIO:Darston"]
[Result "1-0"]
[ICCResult "Black checkmated"]
[WhiteElo "816"]
[BlackElo "1211"]
[Opening "Two knights defense (Modern bishop's opening)"]
[ECO "C55"]
[NIC "IG.01"]
[Time "11:05:05"]
[PlyCount "123"]
[TimeControl "4500+10"]

1. e4 e5 2. Nf3 Nc6 3. Bc4 Nf6 4. d3 Be7 5. O-O O-O 6. Nc3 d6 7. Bg5 Na5 8.
Bb3 Nxb3 9. axb3 h6 10. Bh4 c6 11. h3 Be6 12. Qd2 Qd7 13. Kh2 a6 14. Na4
Qc7 15. Rg1 Rad8 16. Qe2 Nh7 17. g4 Bxh4 18. Nxh4 d5 19. Nf5 f6 20. Nc5 Bc8
21. Rg3 Ng5 22. h4 Ne6 23. Nxe6 Bxe6 24. Rag1 Kf7 25. g5 Bxf5 26. gxh6 g5
27. hxg5 Rg8 28. exf5 fxg5 29. Rxg5 Rxg5 30. Rxg5 e4+ 31. Kg1 Kf6 32. Qg4
Rd7 33. Rg6+ Ke5 34. Qg3+ Kd4 35. Qxc7 Rxc7 36. Rg7 Rc8 37. f6 Ke5 38. h7
Rh8 39. f7 exd3 40. cxd3 Kf6 41. Rg8 Kxf7 42. Rxh8 Kg7 43. Rb8 Kxh7 44.
Rxb7+ Kg6 45. Rc7 Kf5 46. Rxc6 Ke5 47. Rxa6 Kd4 48. Rd6 Kc5 49. Rd8 Kd4 50.
f4 Kxd3 51. f5 d4 52. f6 Kc2 53. f7 d3 54. f8=Q d2 55. Qf2 Kb1 56. Qxd2 Ka2
57. Ra8+ Kb1 58. Qd1+ Kxb2 59. Qd2+ Kxb3 60. Rc8 Ka3 61. Rb8 Ka4 62. Qa2# {
Black checkmated } 1-0

[Event "ICC tourney 2544 (75 10)"]
[Site "Internet Chess Club"]
[Date "2021.05.01"]
[Round "1"]
[White "Xia, Joshua:MathMonkey"]
[Black "GUO, MAX:salamenceg"]
[Result "1-0"]
[ICCResult "Black resigns"]
[WhiteElo "1381"]
[BlackElo "1082"]
[Opening "Ruy Lopez: 5.O-O"]
[ECO "C78"]
[NIC "RL.12"]
[Time "11:05:26"]
[PlyCount "136"]
[TimeControl "4500+10"]

1. e4 e5 2. Nf3 Nc6 3. Bb5 a6 4. Ba4 Nf6 5. O-O b5 6. Bb3 Bc5 7. c3 d6 8.
a4 Rb8 9. d4 Bb6 10. a5 Ba7 11. Be3 exd4 12. cxd4 O-O 13. Bg5 Bg4 14. Be3
Bxf3 15. gxf3 Re8 16. Kh1 Qc8 17. Rg1 Ne7 18. e5 Nfd5 19. Bh6 g6 20. Nd2
Qh3 21. Bg5 Bxd4 22. Rg3 Qd7 23. Ne4 Bxe5 24. Bxd5 Nxd5 25. Qxd5 Qe6 26.
Qd2 Bxg3 27. Nf6+ Kh8 28. Nxe8 Rxe8 29. fxg3 Qe2 30. Bf6+ Kg8 31. Qxe2 Rxe2
32. Rc1 c5 33. Kg1 Re6 34. Bg5 f6 35. Bd2 Re2 36. Bc3 Kf7 37. Rd1 b4 38.
Bd2 Ke6 39. b3 Kd7 40. Bf4 Re6 41. Kf2 g5 42. Be3 Kc6 43. f4 g4 44. f5 Re5
45. Bf4 Rd5 46. Rxd5 Kxd5 47. Ke3 c4 48. bxc4+ Kxc4 49. Bxd6 b3 50. Ba3 Kc3
51. Ke4 b2 52. Bxb2+ Kxb2 53. Kd5 Kc3 54. Kc6 Kb4 55. Kb6 Kc4 56. Kxa6 Kd5
57. Kb7 Ke5 58. a6 Kxf5 59. a7 Kg5 60. a8=Q h5 61. Qg8+ Kf5 62. Qh7+ Kg5
63. Qg7+ Kf5 64. Qh6 Ke5 65. Qxh5+ f5 66. Qe8+ Kf6 67. Qe3 Kg6 68. Qf4 Kf6
{ Black resigns } 1-0

[Event "ICC tourney 2544 (75 10)"]
[Site "Internet Chess Club"]
[Date "2021.05.01"]
[Round "1"]
[White "Perera, Kevin:kevinp"]
[Black "MCQUILLIN, DANIL ALSANDAIR:DanilMcQuillin"]
[Result "0-1"]
[ICCResult "White resigns"]
[WhiteElo "1054"]
[BlackElo "1380"]
[Opening "QGD: Orthodox defense, Botvinnik variation"]
[ECO "D60"]
[NIC "QO.12"]
[Time "11:05:11"]
[PlyCount "73"]
[TimeControl "4500+10"]

1. Nf3 Nf6 2. c4 e6 3. Nc3 d5 4. d4 Be7 5. Bg5 O-O 6. e3 Nbd7 7. Bd3 dxc4
8. Bxc4 a6 9. Rc1 b5 10. Be2 Bb7 11. O-O h6 12. Bh4 c5 13. Qc2 cxd4 14.
Nxd4 Rc8 15. Qb1 Nd5 16. Bxe7 Qxe7 17. Bf3 Ne5 18. Nxd5 Nxf3+ 19. Nxf3 Bxd5
20. Rxc8 Rxc8 21. Nd4 Qg5 22. g3 Qe5 23. Rc1 Rc4 24. Rxc4 Bxc4 25. b3 Bd5
26. Qd3 g6 27. f4 Qc7 28. Qc2 Qxc2 29. Nxc2 Be4 30. Nd4 Kf8 31. b4 Ke7 32.
a3 Kd6 33. Kf2 Kd5 34. Ke2 Kc4 35. Kd2 Bf5 36. Kc1 Kc3 37. h4 { White
resigns } 0-1

[Event "ICC tourney 2544 (75 10)"]
[Site "Internet Chess Club"]
[Date "2021.05.01"]
[Round "1"]
[White "LIU, JOSHUA:JoshL333"]
[Black "SHARF, SAM:sam-sharf"]
[Result "1-0"]
[ICCResult "Black checkmated"]
[WhiteElo "1199"]
[BlackElo "118"]
[Opening "Pirc: classical (two knights) system"]
[ECO "B08"]
[NIC "VO.17"]
[Time "11:05:12"]
[PlyCount "101"]
[TimeControl "4500+10"]

1. e4 d6 2. Nf3 Nf6 3. Nc3 g6 4. d4 Nbd7 5. Bd3 c5 6. d5 Bg7 7. O-O O-O 8.
Be3 Re8 9. Qd2 Ng4 10. Bf4 Nb6 11. Bb5 Bd7 12. Bxd7 Qxd7 13. h3 Ne5 14.
Nxe5 dxe5 15. Bh6 Nc4 16. Qe2 Bxh6 17. Qxc4 Rac8 18. a4 f5 19. exf5 Qxf5
20. Rad1 Kg7 21. d6 exd6 22. Rxd6 Red8 23. Rxd8 Rxd8 24. Qxc5 b6 25. Qe7+
Kg8 26. Qxd8+ Kg7 27. Qe7+ Kg8 28. Rd1 Bf8 29. Rd8 Qf7 30. Qxf7+ Kxf7 31.
Rd7+ Kg8 32. Rxa7 h5 33. a5 bxa5 34. Rxa5 Bd6 35. Ra6 Bc7 36. Rxg6+ Kf7 37.
Rh6 Kg7 38. Rxh5 Kg6 39. Rh4 Kf6 40. Rb4 Bd6 41. Rb6 Ke6 42. Nb5 Kd7 43.
Rxd6+ Ke7 44. c4 e4 45. c5 e3 46. fxe3 Ke8 47. c6 Ke7 48. c7 Ke8 49. c8=Q+
Ke7 50. Qc7+ Ke8 51. Rd8# { Black checkmated } 1-0

[Event "ICC tourney 2544 (75 10)"]
[Site "Internet Chess Club"]
[Date "2021.05.01"]
[Round "1"]
[White "MALONE, STEVEN CURTIS:YucaipaSteve"]
[Black "COVEY, THEODORE DEAN:VirginiaGuy"]
[Result "0-1"]
[ICCResult "White resigns"]
[WhiteElo "895"]
[BlackElo "1239"]
[Opening "QGD"]
[ECO "D52"]
[NIC "QP.08"]
[Time "11:05:06"]
[PlyCount "64"]
[TimeControl "4500+10"]

1. d4 d5 2. c4 e6 3. Nf3 Nf6 4. Nc3 c6 5. Bg5 Nbd7 6. e3 Be7 7. Bd3 O-O 8.
O-O Nh5 9. Bxe7 Qxe7 10. Qc2 Nhf6 11. Rfe1 Qd8 12. Rac1 Re8 13. Ne5 Qc7 14.
Nxd7 Qxd7 15. e4 dxe4 16. Nxe4 Nxe4 17. Rxe4 Qd8 18. Rd1 Qf6 19. Re3 g6 20.
Be4 Rd8 21. Rf3 Qe7 22. Qc3 Qh4 23. Re1 f5 24. Rh3 Qf6 25. Bc2 Rxd4 26.
Ree3 Kf7 27. Rxh7+ Kg8 28. Reh3 c5 29. Qa5 b6 30. Qb5 Rd8 31. Qc6 Ba6 32.
b3 Qa1+ { White resigns } 0-1

[Event "ICC tourney 2544 (75 10)"]
[Site "Internet Chess Club"]
[Date "2021.05.01"]
[Round "1"]
[White "DESAI, ESHA:lemonbar"]
[Black "NAIR, PRANAV PRASANTH:pkcl"]
[Result "0-1"]
[ICCResult "White checkmated"]
[WhiteElo "913"]
[BlackElo "1251"]
[Opening "QGD semi-Slav: 5...Nd7"]
[ECO "D45"]
[NIC "SL.06"]
[Time "11:05:04"]
[PlyCount "98"]
[TimeControl "4500+10"]

1. d4 d5 2. c4 e6 3. Nc3 c6 4. Nf3 Nd7 5. e3 Ngf6 6. Be2 Be7 7. O-O O-O 8.
b3 b6 9. Bb2 Bb7 10. Qc2 h6 11. Rfe1 Re8 12. Rac1 Rc8 13. Qd2 Bb4 14. a3
Ne4 15. Qc2 Bxc3 16. Bxc3 Nxc3 17. Qxc3 Nf6 18. Qb2 Nh7 19. cxd5 exd5 20.
Bd3 Nf6 21. Ne5 Nd7 22. Nxd7 Qxd7 23. e4 dxe4 24. Rxe4 c5 25. Rxe8+ Rxe8
26. Rc4 Re1+ 27. Bf1 Ba6 28. Rc1 Rxc1 29. Qxc1 Bxf1 30. Qxf1 Qxd4 31. Qb1
a5 32. h3 b5 33. Qc1 b4 34. a4 Qc3 35. Qb1 c4 36. bxc4 Qxc4 37. Qb2 b3 38.
Qb1 Qc2 39. Qxc2 bxc2 40. Kf1 c1=Q+ 41. Ke2 Qc4+ 42. Kf3 Qxa4 43. Kg3 Qb3+
44. Kh2 a4 45. g3 a3 46. Kg2 a2 47. Kh2 a1=Q 48. Kg2 Qd5+ 49. Kh2 Qdh1# {
White checkmated } 0-1

[Event "ICC tourney 2544 (75 10)"]
[Site "Internet Chess Club"]
[Date "2021.05.01"]
[Round "1"]
[White "BOSE, SIDDHARTH:siddharthbose"]
[Black "STALEY, TIMOTHY:PirateKing"]
[Result "1-0"]
[ICCResult "Black checkmated"]
[WhiteElo "1216"]
[BlackElo "852"]
[Opening "Caro-Kann: advance variation"]
[ECO "B12"]
[NIC "CK.04"]
[Time "11:05:08"]
[PlyCount "49"]
[TimeControl "4500+10"]

1. e4 c6 2. d4 d5 3. e5 Bf5 4. a3 e6 5. h3 Be7 6. Nf3 h6 7. Be3 Qb6 8. b3
Nd7 9. c4 dxc4 10. Bxc4 Qc7 11. Ra2 f6 12. g4 Be4 13. Bxe6 Bxf3 14. Bxd7+
Qxd7 15. Qxf3 fxe5 16. Rd2 exd4 17. Bxd4 Qe6+ 18. Re2 Qg6 19. Nd2 O-O-O 20.
Bxa7 Bxa3 21. O-O Bb4 22. Nc4 Nf6 23. Qf4 Nd7 24. Bb6 Nxb6 25. Nxb6# {
Black checkmated } 1-0

[Event "ICC tourney 2544 (75 10)"]
[Site "Internet Chess Club"]
[Date "2021.05.01"]
[Round "1"]
[White "HOSUR, SANMITA:phosur"]
[Black "NOONA, TANUJ:tanuj07"]
[Result "1-0"]
[ICCResult "Black checkmated"]
[WhiteElo "1270"]
[BlackElo "926"]
[Opening "French: advance, Paulsen attack"]
[ECO "C02"]
[NIC "FR.03"]
[Time "11:05:04"]
[PlyCount "147"]
[TimeControl "4500+10"]

1. e4 e6 2. d4 d5 3. e5 c5 4. c3 Nc6 5. Nf3 Qb6 6. a3 a5 7. Be2 Nge7 8. b3
cxd4 9. cxd4 Nf5 10. Be3 Be7 11. O-O O-O 12. Nc3 Bd7 13. Bd3 Nxe3 14. fxe3
Na7 15. Bc2 Nb5 16. Nxb5 Bxb5 17. Rf2 Rac8 18. b4 Rc6 19. a4 Bc4 20. b5 Rc7
21. Nd2 Rfc8 22. Bxh7+ Kxh7 23. Qh5+ Kg8 24. Qxf7+ Kh8 25. Rf3 Bg5 26. Rh3+
Bh6 27. Qg6 Re7 28. g4 Qd8 29. g5 Qe8 30. Qxe8+ Rcxe8 31. gxh6 gxh6 32.
Rxh6+ Kg7 33. Rf6 Rf7 34. Rxf7+ Kxf7 35. Rc1 Rc8 36. h4 Kg6 37. Kh2 Kh5 38.
Kh3 b6 39. e4 Rc7 40. exd5 exd5 41. Re1 Bd3 42. Nf3 Bf5+ 43. Kg3 Rc3 44.
Kf4 Be4 45. Ng5 Rc4 46. Nxe4 Rxd4 47. Kf5 dxe4 48. Rxe4 Rd8 49. e6 Rf8+ 50.
Ke5 Kg6 51. e7 Re8 52. Kd6 Kf7 53. Rf4+ Kg7 54. Rf8 Rxf8 55. exf8=Q+ Kxf8
56. Kc6 Kg7 57. Kxb6 Kh6 58. Kxa5 Kh5 59. b6 Kxh4 60. b7 Kg4 61. b8=Q Kf5
62. Qe8 Kf6 63. Kb4 Kf5 64. Qe7 Kf4 65. Qe6 Kf3 66. Qe5 Kf2 67. Qe4 Kg3 68.
Qf5 Kh4 69. Qg6 Kh3 70. Kc4 Kh4 71. Kd4 Kh3 72. Ke3 Kh2 73. Kf2 Kh3 74.
Qg3# { Black checkmated } 1-0

[Event "ICC tourney 2544 (75 10)"]
[Site "Internet Chess Club"]
[Date "2021.05.01"]
[Round "1"]
[White "FINETTE, STEVEN:chess278"]
[Black "SHAH, ADITYA:AdityaShah"]
[Result "1/2-1/2"]
[ICCResult "Game drawn by mutual agreement"]
[WhiteElo "1306"]
[BlackElo "997"]
[Opening "Queen's pawn game, Chigorin variation"]
[ECO "A04"]
[NIC "QP.11"]
[Time "11:05:05"]
[PlyCount "67"]
[TimeControl "4500+10"]

1. Nf3 Nc6 2. d4 d5 3. e3 a6 4. Be2 Nf6 5. Nbd2 Bf5 6. a3 Qd6 7. O-O e5 8.
dxe5 Nxe5 9. Nxe5 Qxe5 10. Nf3 Qd6 11. b3 O-O-O 12. Bb2 g6 13. Qd4 Bg7 14.
Qa7 Nh5 15. Bxg7 Nxg7 16. Qa8+ Kd7 17. Qxb7 Bxc2 18. Rfc1 Rb8 19. Qxa6 Qxa6
20. Bxa6 Bxb3 21. Rc3 Ba4 22. Rac1 Ne6 23. Ne5+ Ke7 24. Nc6+ Bxc6 25. Rxc6
Ra8 26. a4 Rhb8 27. Bb5 Rb6 28. Kf1 Rxc6 29. Rxc6 Kd8 30. Ke1 d4 31. Kd2
Rb8 32. Kd3 dxe3 33. Kxe3 Rb6 34. Rxb6 { Game drawn by mutual agreement }
1/2-1/2

[Event "ICC tourney 2544 (75 10)"]
[Site "Internet Chess Club"]
[Date "2021.05.01"]
[Round "1"]
[White "Smith, Graham Bradley:Smittyboy13"]
[Black "CHATTERJEE, SIDDHARTHA:greenlime2007"]
[Result "0-1"]
[ICCResult "White resigns"]
[WhiteElo "943"]
[BlackElo "1288"]
[Opening "Nimzo-Indian: Leningrad variation"]
[ECO "E30"]
[NIC "NI.25"]
[Time "11:05:13"]
[PlyCount "88"]
[TimeControl "4500+10"]

1. d4 Nf6 2. c4 e6 3. Nc3 Bb4 4. Bg5 c5 5. e3 Qa5 6. Qc2 Ne4 7. Qxe4 Bxc3+
8. Kd1 Bxb2 9. Rb1 Bc3 10. Ne2 Be1 11. Qc2 Bxf2 12. Nc3 cxd4 13. exd4 Bxd4
14. Bd2 Qh5+ 15. Be2 Qg6 16. Bd3 Qxg2 17. Be4 Qg4+ 18. Ne2 Nc6 19. Qd3 e5
20. Kc2 d6 21. Nxd4 Nxd4+ 22. Kb2 Bf5 23. Bxf5 Qxf5 24. Qc3 Ne2 25. Qb3 O-O
26. Rbe1 Nd4 27. Qc3 b5 28. Rhf1 Qe6 29. Be3 bxc4 30. Qd2 Rac8 31. Ka1 c3
32. Qc1 Qc4 33. Rg1 Ne2 34. Rxg7+ Kxg7 35. Bh6+ Kf6 36. Qg5+ Ke6 37. Bxf8
Rxf8 38. Qh6+ Ke7 39. Qg5+ f6 40. Qg7+ Rf7 41. Qg2 c2 42. Qb7+ Ke6 43. Qb2
c1=Q+ 44. Rxc1 Nxc1 { White resigns } 0-1

[Event "ICC tourney 2544 (75 10)"]
[Site "Internet Chess Club"]
[Date "2021.05.01"]
[Round "1"]
[White "CHAPMAN, JOSHUA:Crusha777"]
[Black "KHAN, SAMI:sami786"]
[Result "0-1"]
[ICCResult "White forfeits on time"]
[WhiteElo "1371"]
[BlackElo "1036"]
[Opening "English opening"]
[ECO "A16"]
[NIC "EO.64"]
[Time "11:14:38"]
[PlyCount "52"]
[TimeControl "4500+10"]

1. c4 Nf6 2. Nc3 g6 3. Nf3 Bg7 4. e3 d6 5. d4 O-O 6. Be2 Nbd7 7. O-O e5 8.
d5 a5 9. e4 Nc5 10. Bg5 h6 11. Bxf6 Qxf6 12. Nd2 Qe7 13. f3 f5 14. Qe1 f4
15. b3 Bf6 16. g3 Bg5 17. Kh1 fxg3 18. hxg3 Bh3 19. Rf2 Be3 20. Rh2 Qg5 21.
Nf1 Bxf1 22. Qxf1 Rf7 23. Qe1 Bd2 24. f4 Bxe1 25. fxg5 Bxc3 26. Rc1 Bd2 {
White forfeits on time } 0-1

[Event "ICC tourney 2544 (75 10)"]
[Site "Internet Chess Club"]
[Date "2021.05.01"]
[Round "2"]
[White "COVEY, THEODORE DEAN:VirginiaGuy"]
[Black "GANAPATHY, AISHWARYA LAKSHMI:alg142"]
[Result "1/2-1/2"]
[ICCResult "Game drawn by repetition"]
[WhiteElo "1239"]
[BlackElo "816"]
[Opening "Sicilian: Alapin's variation (2.c3)"]
[ECO "B22"]
[NIC "SI.46"]
[Time "14:34:21"]
[PlyCount "68"]
[TimeControl "4500+10"]

1. e4 c5 2. c3 e5 3. d4 cxd4 4. cxd4 exd4 5. Qxd4 Nc6 6. Qa4 Nf6 7. Nc3 Bb4
8. Bd3 Ne5 9. Bb1 Ba5 10. Bd2 O-O 11. Nge2 Bb6 12. O-O Nfg4 13. Bf4 d6 14.
Bg3 f5 15. Nd5 Bd7 16. Qd1 fxe4 17. Bxe4 Nf6 18. Nxf6+ Qxf6 19. Nc3 Bc6 20.
Bd5+ Kh8 21. Ne4 Qg6 22. Nc3 Bxd5 23. Nxd5 Rad8 24. Rc1 Rf7 25. Bh4 Rdf8
26. Nxb6 axb6 27. Bg3 h5 28. Bxe5 dxe5 29. Qc2 Qe6 30. Qc4 Qg6 31. Qc2 Qe6
32. Qc4 Qg6 33. Qc2 Qe6 34. Qc4 Qg6 { Game drawn by repetition } 1/2-1/2

[Event "ICC tourney 2544 (75 10)"]
[Site "Internet Chess Club"]
[Date "2021.05.01"]
[Round "2"]
[White "Thummala, Vibodh:Vibodh"]
[Black "HOSUR, SANMITA:phosur"]
[Result "0-1"]
[ICCResult "White resigns"]
[WhiteElo "1169"]
[BlackElo "1270"]
[Opening "Queen's pawn game"]
[ECO "D00"]
[NIC "QP.08"]
[Time "14:34:16"]
[PlyCount "48"]
[TimeControl "4500+10"]

1. d4 d5 2. e3 Nf6 3. f4 e6 4. Nf3 c5 5. c3 Nc6 6. Bd3 Be7 7. O-O O-O 8.
Nbd2 b6 9. Ne5 Nxe5 10. fxe5 Nd7 11. Rf3 f6 12. Rh3 h6 13. Qg4 f5 14. Qg6
Bg5 15. Qxe6+ Kh8 16. Bxf5 Nb8 17. Qxc8 Qxc8 18. Bxc8 Rxc8 19. Nf3 Be7 20.
e6 Rc6 21. dxc5 bxc5 22. Rh5 Rd6 23. c4 dxc4 24. Rxc5 Rd1+ { White resigns
} 0-1

[Event "ICC tourney 2544 (75 10)"]
[Site "Internet Chess Club"]
[Date "2021.05.01"]
[Round "2"]
[White "SHAH, ADITYA:AdityaShah"]
[Black "CHAPMAN, JOSHUA:Crusha777"]
[Result "0-1"]
[ICCResult "White resigns"]
[WhiteElo "997"]
[BlackElo "1371"]
[Opening "Hungarian defense"]
[ECO "C50"]
[NIC "IG.03"]
[Time "14:38:09"]
[PlyCount "30"]
[TimeControl "4500+10"]

1. e4 e5 2. Nf3 Nc6 3. Bc4 Be7 4. d3 Nf6 5. O-O d6 6. h3 Na5 7. Bb3 Nxb3 8.
axb3 O-O 9. d4 exd4 10. Nxd4 Nxe4 11. Re1 Nf6 12. Qe2 Re8 13. Nf5 Bf8 14.
Qd2 Rxe1+ 15. Qxe1 Bxf5 { White resigns } 0-1

[Event "ICC tourney 2544 (75 10)"]
[Site "Internet Chess Club"]
[Date "2021.05.01"]
[Round "2"]
[White "NOONA, TANUJ:tanuj07"]
[Black "MALONE, STEVEN CURTIS:YucaipaSteve"]
[Result "1-0"]
[ICCResult "Black resigns"]
[WhiteElo "926"]
[BlackElo "895"]
[Opening "Réti opening"]
[ECO "A04"]
[NIC "QP.11"]
[Time "14:34:18"]
[PlyCount "53"]
[TimeControl "4500+10"]

1. Nf3 e6 2. g3 d5 3. Bg2 Nf6 4. d3 c5 5. Nbd2 Nc6 6. e4 d4 7. Nb3 b6 8.
Bg5 h6 9. Bxf6 Qxf6 10. O-O Ne5 11. Nxe5 Qxe5 12. Nd2 Qc7 13. e5 Rb8 14.
Re1 Be7 15. a4 O-O 16. Nc4 f6 17. Qh5 Bd7 18. b3 Be8 19. Qe2 fxe5 20. Qxe5
Qxe5 21. Rxe5 Bd7 22. Bh3 Rf6 23. Rae1 Kf7 24. R5e4 Re8 25. Ne5+ Kg8 26.
Nxd7 Rf7 27. Bxe6 { Black resigns } 1-0

[Event "ICC tourney 2544 (75 10)"]
[Site "Internet Chess Club"]
[Date "2021.05.01"]
[Round "2"]
[White "Kirumaki, Shreya A:Chesspenguin123"]
[Black "Xia, Joshua:MathMonkey"]
[Result "0-1"]
[ICCResult "White checkmated"]
[WhiteElo "1198"]
[BlackElo "1381"]
[Opening "Giuoco Piano"]
[ECO "C54"]
[NIC "IG.02"]
[Time "14:34:19"]
[PlyCount "106"]
[TimeControl "4500+10"]

1. e4 e5 2. Nf3 Nc6 3. Bc4 Bc5 4. c3 Nf6 5. d4 exd4 6. cxd4 Bb4+ 7. Bd2
Bxd2+ 8. Nbxd2 d5 9. e5 dxc4 10. exf6 Qxf6 11. Nxc4 O-O 12. O-O Bg4 13. d5
Bxf3 14. Qxf3 Qxf3 15. gxf3 Nd4 16. Kg2 Rad8 17. Ne3 f5 18. Rad1 Nb5 19. a4
Nd6 20. Rfe1 f4 21. Ng4 h5 22. Ne5 Rfe8 23. Ng6 Rd7 24. Rxe8+ Nxe8 25. Nxf4
Nf6 26. Ng6 Rd6 27. Ne7+ Kf7 28. Nc8 Rxd5 29. Rxd5 Nxd5 30. Nxa7 c6 31. Nc8
Ke6 32. a5 Nf4+ 33. Kg3 Nd3 34. Kh4 Nxb2 35. Kxh5 c5 36. Nb6 c4 37. Nxc4
Nxc4 38. Kg6 Nxa5 39. h4 Nc6 40. Kxg7 Ne5 41. h5 Nf7 42. h6 Nxh6 43. Kxh6
Kf6 44. Kh5 b5 45. Kg4 b4 46. f4 b3 47. f3 b2 48. Kg3 b1=Q 49. Kg2 Kf5 50.
Kf2 Kxf4 51. Ke2 Qc2+ 52. Kf1 Kxf3 53. Kg1 Qg2# { White checkmated } 0-1

[Event "ICC tourney 2544 (75 10)"]
[Site "Internet Chess Club"]
[Date "2021.05.01"]
[Round "2"]
[White "MADSEN, STUART:gmstuartscott"]
[Black "Perera, Kevin:kevinp"]
[Result "1-0"]
[ICCResult "Black resigns"]
[WhiteElo "895"]
[BlackElo "1054"]
[Opening "King's Indian, 3.Nf3"]
[ECO "E61"]
[NIC "KI.76"]
[Time "14:34:25"]
[PlyCount "88"]
[TimeControl "4500+10"]

1. d4 Nf6 2. c4 g6 3. Nf3 Bg7 4. Nc3 d6 5. e3 O-O 6. Bd3 e5 7. O-O Bg4 8.
d5 Nbd7 9. h3 Bxf3 10. Qxf3 Nc5 11. Bc2 Re8 12. e4 a5 13. Be3 Nfd7 14. Qg3
a4 15. a3 Nb3 16. Rab1 Ndc5 17. f3 Nd4 18. Bxd4 exd4 19. Nb5 Nb3 20. Bxb3
axb3 21. Qf2 d3 22. Qd2 c6 23. Nc3 Qb6+ 24. Kh1 Qa5 25. Qxd3 Bxc3 26. bxc3
Qxa3 27. Qd1 Qc5 28. Qxb3 Reb8 29. f4 Ra3 30. Qb2 b6 31. f5 cxd5 32. f6
dxc4 33. Qd2 g5 34. Rf5 Qc8 35. Qxg5+ Kf8 36. Rd5 Ra5 37. Qg7+ Ke8 38. Qg8+
Kd7 39. Qxf7+ Kc6 40. Rbd1 Rxd5 41. Qxd5+ Kc7 42. Qxd6+ Kb7 43. Qe7+ Ka8
44. Rd7 Rb7 { Black resigns } 1-0

[Event "ICC tourney 2544 (75 10)"]
[Site "Internet Chess Club"]
[Date "2021.05.01"]
[Round "2"]
[White "MISHRA, KRITARTH:AlphaLegend24"]
[Black "LIU, JOSHUA:JoshL333"]
[Result "0-1"]
[ICCResult "White checkmated"]
[WhiteElo "1320"]
[BlackElo "1199"]
[Opening "French defense"]
[ECO "C00"]
[NIC "FR.01"]
[Time "14:34:30"]
[PlyCount "56"]
[TimeControl "4500+10"]

1. e4 e6 2. Nc3 d5 3. exd5 exd5 4. d4 Nf6 5. Bd3 c5 6. Qe2+ Qe7 7. Bg5
Qxe2+ 8. Ngxe2 c4 9. Bxf6 gxf6 10. Nxd5 cxd3 11. cxd3 Bd6 12. Nxf6+ Kd8 13.
Ne4 Bb4+ 14. N4c3 Bf5 15. Kd2 Nc6 16. a3 Ba5 17. f3 Bg6 18. h4 h5 19. g4
Bb6 20. d5 Ne5 21. f4 Nf3+ 22. Kc2 hxg4 23. Nb5 Rc8+ 24. Kb3 Bxd3 25. Ng3
Nd2+ 26. Ka2 Bc4+ 27. b3 Bxb3+ 28. Kb2 Rc2# { White checkmated } 0-1

[Event "ICC tourney 2544 (75 10)"]
[Site "Internet Chess Club"]
[Date "2021.05.01"]
[Round "2"]
[White "STALEY, TIMOTHY:PirateKing"]
[Black "HELLER, JACK G:Maximusiv"]
[Result "0-1"]
[ICCResult "White resigns"]
[WhiteElo "852"]
[BlackElo "1008"]
[Opening "Queen's pawn: London system"]
[ECO "A45"]
[NIC "QP.07"]
[Time "14:34:19"]
[PlyCount "102"]
[TimeControl "4500+10"]

1. d4 Nf6 2. Bf4 c5 3. c3 cxd4 4. cxd4 g6 5. Nf3 Bg7 6. e3 O-O 7. Bd3 Nc6
8. Nbd2 Nb4 9. Be2 d5 10. a3 Nc6 11. O-O Bf5 12. Rc1 Rc8 13. Nh4 Bd7 14.
Nb3 h6 15. Bg3 Ne4 16. Nd2 Nxg3 17. fxg3 Qb6 18. Nb3 Rc7 19. Qd3 Rfc8 20.
Rc3 Na5 21. Nxa5 Rxc3 22. bxc3 Qxa5 23. Rc1 Qxa3 24. Qd2 b5 25. Rc2 a5 26.
Ra2 Qxc3 27. Qxc3 Rxc3 28. Rxa5 Rxe3 29. Bxb5 Bxd4 30. Ra8+ Kg7 31. Kf2
Bxb5 32. Rb8 Bc4 33. Nf3 Re2+ 34. Kf1 Rb2+ 35. Ke1 Bc3+ 36. Kd1 Rxb8 37.
Kc2 Bf6 38. h4 Rb2+ 39. Kc1 Rxg2 40. Ne5 Bxe5 41. h5 g5 42. g4 Kf6 43. Kd1
Bf4 44. Ke1 Ke5 45. Kd1 Ke4 46. Ke1 Ke3 47. Kd1 Kd3 48. Ke1 Ra2 49. Kf1
Ke3+ 50. Kg1 Kf3 51. Kh1 Kg3 { White resigns } 0-1

[Event "ICC tourney 2544 (75 10)"]
[Site "Internet Chess Club"]
[Date "2021.05.01"]
[Round "2"]
[White "NAIR, PRANAV PRASANTH:pkcl"]
[Black "HAUGHT-TROMP, MATTHEW:MatthewHT"]
[Result "0-1"]
[ICCResult "White checkmated"]
[WhiteElo "1251"]
[BlackElo "1097"]
[Opening "Réti opening"]
[ECO "A05"]
[NIC "QP.11"]
[Time "14:34:41"]
[PlyCount "78"]
[TimeControl "4500+10"]

1. Nf3 Nf6 2. g3 e6 3. Bg2 d5 4. d4 Be7 5. O-O O-O 6. c3 Nbd7 7. Bf4 c5 8.
e3 b6 9. Nbd2 h6 10. Be5 Ne4 11. dxc5 Ba6 12. Re1 Nexc5 13. Bf1 Bxf1 14.
Rxf1 Nd3 15. Bd4 Nxb2 16. Qc2 Nc4 17. Nxc4 dxc4 18. e4 Qc7 19. Be3 Bc5 20.
Bxc5 Nxc5 21. Rfd1 b5 22. Ne1 Rad8 23. Rab1 a6 24. Ra1 Qe5 25. f3 Na4 26.
Rdc1 Qc5+ 27. Kh1 Qe3 28. Rd1 Nxc3 29. Rxd8 Rxd8 30. Ng2 Qxf3 31. Rc1 Nxe4
32. Re1 Nf2+ 33. Kg1 Nh3+ 34. Kh1 c3 35. a3 Rd2 36. Qe4 Nf2+ 37. Kg1 Nxe4
38. Re2 Qxe2 39. Kh1 Qxg2# { White checkmated } 0-1